 Dungeon Crawl Stone Soup version 0.31-a0-977-gc230f8ef24 (webtiles) character file.

Game seed: 4739650341295175549

36 Spaninq the Shooter (level 3, 22/22 HPs)
             Began as a Kobold Hexslinger on Oct 29, 2023.
             Was a Follower of Trog.
             Quit the game on level 1 of the Dungeon.
             The game lasted 00:03:33 (528 turns).

Spaninq the Shooter (Kobold Hexslinger)              Turns: 528, Time: 00:03:34

Health: 22/22      AC:  2    Str:  5    XL:     3   Next: 57%
Magic:  4/4        EV: 15    Int: 14    God:    Trog [*.....]
Gold:   0          SH:  0    Dex: 19    Spells: 4/4 levels left

rFire   . . .        e - +1 sling (freeze)
rCold   . . .        (no shield)
rNeg    . . .        c - +0 robe
rPois   .            (no helmet)
rElec   .            (no cloak)
rCorr   .            (no gloves)
SInv    .            (no boots)
Will    .....        (no amulet)
Stlth   +++          (no ring)
HPRegen 0.23/turn    (no ring)
MPRegen 0.09/turn

%: no passive effects
@: no status effects
A: small, no large weapons, nightstalker 3
a: Renounce Religion, Berserk


You were on level 1 of the Dungeon.
You worshipped Trog.
Trog was aware of your devotion.
You visited 1 branch of the dungeon, and saw 1 of its levels.

Inventory:

Hand Weapons
 a - a +1 sling
 e - a +1 sling of freezing (weapon)
Armour
 c - a +0 robe (worn)
Jewellery
 d - an amulet of regeneration
Scrolls
 b - a scroll of poison
Potions
 f - a potion of heal wounds {unknown}
 g - a potion of might {unknown}


   Skills:
 + Level 2.4 Fighting
 * Level 4.0 Ranged Weapons
 - Level 2.4 Dodging
 - Level 1.1 Spellcasting
 - Level 3.0 Hexes
 - Level 1.0 Fire Magic


You had 4 spell levels left.
You didn't know any spells.
Your spell library contained the following spells:

 Spells                   Type           Power      Damage    Failure   Level
 Jinxbite                 Hex            18%        N/A       12%         2
 Sigil of Binding         Hex            9%         N/A       22%         3
 Inner Flame              Hex/Fire       6%         N/A       34%         3
 Cause Fear               Hex            4%         N/A       58%         4
 Dimensional Bullseye     Hex/Tloc       2%         N/A       80%         4


Dungeon Overview and Level Annotations

Branches:
Dungeon (1/15)

Altars:
Trog


Innate Abilities, Weirdness & Mutations

You are small and have problems with some larger weapons.
You are completely attuned to the shadows.


Message History

The sling bullet freezes the bat.
The bat is severely wounded.
You hear an angry hiss.
A ball python comes into view.
The bat hits you but does no damage.
You hear an angry hiss.
Fire: e) +1 sling (freeze)
Press: ? - help, Q - select action Shift-Dir - straight line, f/p - bat
Aim: a bat (heavily wounded, 50% to hit)
You shoot a sling bullet. The sling bullet barely misses the bat.
The sling bullet hits the ball python.
The sling bullet freezes the ball python.
You kill the ball python!
The bat completely misses you. The bat hits you but does no damage.
Fire: e) +1 sling (freeze)
Press: ? - help, Q - select action Shift-Dir - straight line, f/p - bat
Aim: a bat (moderately wounded, 50% to hit)
You shoot a sling bullet. The sling bullet hits the bat.
The sling bullet freezes the bat.
You kill the bat!
A ball python comes into view.
The ball python moves out of view.
You see here a bubbling sapphire potion.
Fire: e) +1 sling (freeze)
Press: ? - help, Q - select action Shift-Dir - straight line, f - ball python
Aim: a ball python (60% to hit)
You shoot a sling bullet. The sling bullet hits the ball python.
The sling bullet freezes the ball python.
You kill the ball python!
g - a bubbling sapphire potion
Found a sapphire potion.
You open the door.
There is an open door here.
Found a faded altar of an unknown god.
There is a faded altar of an unknown god here.
This altar belongs to (a) Qazlal, (b) Trog or (c) Dithmenos, but you can't tell which.
Press the corresponding letter to learn more about a god, or press enter to convert or escape to cancel.
Trog accepts your prayer! Trog welcomes you!
You can now go berserk at will.
Are you sure you want to abandon this character and quit the game? (Confirm with "yes".)

.# #.#.# .# #.#.# .# #....
## ####...# . ......
+....... # .....#######
####...# # !....#8...8#
##..# #. #..P#.###.## ##.#
#..##...'.#4#.@#.. #.#
#.......#.###.##.#+# #..
##.##...#8...8#..#.# ##.
#......#######..#.# #.
####............#.## #.
#.#.......###...## #.
#.#†#####.##.....#########.
#.#.# #.###..............
#.#.#####.# ##.#.##########


You could see a chaos spawn (petrified).

Vanquished Creatures
  3 ball pythons (D:1)
  4 endoplasms (D:1)
  7 giant cockroaches (D:1)
  2 goblins (D:1)
  A hobgoblin (D:1)
  4 jackals (D:1)
  2 quokkas (D:1)
  3 bats (D:1)
  A frilled lizard (D:1)
  2 rats (D:1)
29 creatures vanquished.

Notes
Turn   | Place    | Note
-------+----------+-------------------------------------------
     0 | D:1      | Spaninq the Kobold Hexslinger began the quest for the Orb.
     0 | D:1      | Reached XP level 1. HP: 12/12 MP: 2/2
     1 | D:1      | Found a runed translucent door.
     8 | D:1      | Reached skill level 3 in Ranged Weapons
    12 | D:1      | Reached XP level 2. HP: 17/17 MP: 3/3
   147 | D:1      | Reached XP level 3. HP: 21/21 MP: 4/4
   395 | D:1      | Reached skill level 4 in Ranged Weapons
   518 | D:1      | Noticed a chaos spawn
   523 | D:1      | Found a faded altar of an unknown god.
   527 | D:1      | Prayed at the altar of an unknown god.
   527 | D:1      | Became a worshipper of Trog the Wrathful
   527 | D:1      | Reached * piety under Trog
   528 | D:1      | Quit the game

Illustrated notes

Levels and vault maps discovered:
D:1:      dpeg_arrival_caged_fury, layout_loops_corners,
          dreamdust_ecumenical_altar_sealed_demon,
          nicolae_concentric_dashed_squares_mild, minmay_unequal

Skill      XL: |  1  2  3 |
---------------+----------+-----
Ranged Weapons | 3 4 |  4.0
Fighting       | 2 |  2.4
Dodging        | |  2.4
Spellcasting   | |  1.1
Hexes          | |  3.0
Fire Magic     | |  1.0

Action                     || total
---------------------------++-------
   Fire: Sling             ||    55
 Armour: Robe              ||    17
  Dodge: Dodged            ||    31

Table legend: (Time is in decaauts)
 A = Elapsed time spent in this place.
 B = Non-inter-level travel time spent in this place.
 C = Inter-level travel time spent in this place.
 D = Time resting spent in this place.
 E = Time spent auto-exploring this place.
 F = Levels seen in this place.
 G = Mean time per level.
                   A        B        C        D        E       F      G
               +--------+--------+--------+--------+--------+-----+--------+
         Total |    539 |    539 |      0 |      0 |    424 |   1 |  539.0 |
       Dungeon |    539 |    539 |      0 |      0 |    424 |   1 |  539.0 |
               +--------+--------+--------+--------+--------+-----+--------+

Top non-repeatable levels by time:
     D:1: 539 daAuts
